 Dungeon Crawl Stone Soup version 0.20-b1-18-gaa2fd62 (webtiles) character file.

4753 FakerFangirl the Basher (level 10, 0/88 HPs)
             Began as a Yellow Draconian Fighter on May 25, 2017.
             Was an Elder of Cheibriados.
             Slain by Joseph
             ... wielding a +0 quarterstaff
              (5 damage)
             ... on level 8 of the Dungeon.
             The game lasted 00:10:15 (8355 turns).

FakerFangirl the Basher (Yellow Draconian Fighter)  Turns: 8355, Time: 00:10:16

Health: 0/88       AC: 11    Str: 28      XL:     10   Next: 23%
Magic:  10/10      EV: 15    Int: 18      God:    Cheibriados [****..]
Gold:   395        SH: 12    Dex: 23 (25) Spells: 9/9 levels left

rFire    . . .     SeeInvis .   Y - +1 morningstar
rCold    . . .     Gourm    .   b - +0 shield
rNeg     . . .     Faith    .   (armour unavailable)
rPois    .         Spirit   .   (helmet restricted)
rElec    .         Reflect  .   k - +2 cloak
rCorr    +         Harm     .   (no gloves)
MR       .....                  i - +0 pair of boots
Stlth    ++........             r - amulet of regeneration
Regen    0.7/turn               (no ring)
MPRegen  0.2/turn               (no ring)

@: lethally poisoned (0 -> 0), about to teleport, very slow
A: spit acid, acid resistance, unfitting armour, cold-blooded, AC +7
a: Breathe Acid, Bend Time, Temporal Distortion, Slouch, Renounce Religion


You were on level 8 of the Dungeon.
You worshipped Cheibriados.
Cheibriados was greatly pleased with you.
You were not hungry.

You visited 2 branches of the dungeon, and saw 9 of its levels.

You collected 395 gold pieces.


Innate Abilities, Weirdness & Mutations

You can spit globs of acid.
You are resistant to acid.
Your golden yellow scales are hard. (AC +7)
You cannot fit into any form of body armour.
You are cold-blooded and may be slowed by cold attacks.


   Skills:
 - Level 8.1 Fighting
 - Level 11.0 Maces & Flails
 - Level 6.0 Dodging
 + Level 6.1 Shields


You had 9 spell levels left.
You didn't know any spells.

Inventory:

Hand Weapons
 Y - a +1 morningstar (weapon)
Armour
 b - a +0 shield (worn)
 i - a +0 pair of boots (worn)
 k - a +2 cloak (worn)
Jewellery
 r - an amulet of regeneration (around neck)
Wands
 j - a wand of iceblast (6/15)
Scrolls
 h - 3 scrolls of identify
 m - 6 scrolls of teleportation
 n - 3 scrolls of remove curse
Potions
 c - 2 potions of might
 d - a potion of mutation {unknown}
 f - 2 potions of curing
 g - a potion of degeneration {unknown}
 l - a potion of berserk rage {unknown}
 q - a potion of resistance {unknown}
 s - 2 potions of haste
Comestibles
 e - 3 bread rations
 o - 7 royal jellies
 t - a meat ration

Dungeon Overview and Level Annotations

Branches:
Dungeon (8/15)             Temple (1/1) D:4
   Lair: D:8-11

Altars:
Ashenzari
Cheibriados
Dithmenos
Elyvilon
Fedhas
Gozag
Hepliaklqana
Kikubaaqudgha
Makhleb
Nemelex Xobeh
Okawaru
Qazlal
Ru
Sif Muna
Trog
Uskayaw
Vehumet
Xom
Yredelemnul
Zin
The Shining One

Annotations:
D:8 Joseph


Message History

You block the quasit's attack.
The quasit claws you but does no damage.
The jackal closely misses you. Something hits you but does no damage.
The quasit bites you but does no damage.
The quasit completely misses you. You block the quasit's attack.
You puncture the quasit!
You kill the quasit!
Cheibriados thoroughly appreciates the change of pace.
Your Dodging skill increases to level 6!
The jackal misses you. Something hits you.
You hit the jackal.
The jackal is moderately wounded.
You feel sick. The jackal barely misses you. You block the jackal's attack. x2
The jackal bites you but does no damage.
A quokka comes into view.
You closely miss the jackal. You tail-slap the jackal.
You kill the jackal!
Cheibriados thoroughly appreciates the change of pace.
Something hits you.
You die...

.. .<# ..>.. ...... #.##.#
..... ..... #.##.# ####
....!##...# #.##.# #...
..........# #.##.# #.##
r.......####.##(###.#
#.............../).#
#..{h..##......##).#
#...@%.##.#.#..##..##
#.##(####...#..##5.(.
#.##(# #.###..###.##
#..####.##.####...........#
#......#.............###...
#.#####.#######.###### #.##
#.### #.# #.## #...#
#.########... ###...###
#.......#####


You could see a quokka and a jackal.

Vanquished Creatures
  A queen bee (D:8)
  The ghost of Arkhound the Slasher, an amateur DrBe of Trog (D:4)
  Sigmund (D:5)
  A wyvern (D:6)
  A water moccasin (D:7)
  A black bear (D:7)
  2 ice beasts
  A sky beast (D:6)
  2 phantoms
  A necrophage (D:6)
  5 ogres
  4 centaurs
  A big kobold (D:5)
  A bullfrog (D:8)
  21 killer bees
  A howler monkey (D:7)
  A crimson imp (D:5)
  2 quasits
  2 centaur skeletons
  2 hounds (D:7)
  3 jellies
  A centaur zombie (D:7)
  A gnoll shaman (D:6)
  2 orc priests (D:4)
  10 orc wizards
  5 iguanas
  9 worker ants
  A killer bee zombie (D:7)
  3 hound skeletons
  A howler monkey zombie (D:8)
  7 gnolls
  9 adders
  2 shadow imps
  3 oozes
  An adder zombie (D:6)
  2 adder skeletons (D:4)
  5 worms
  A dart slug (D:1)
  6 leopard geckos
  17 orcs
  2 ball pythons
  7 giant cockroaches
  9 goblins
  7 hobgoblins
  A jackal (D:8)
  12 kobolds
  7 quokkas
  8 bats
  7 frilled lizards
  7 rats
208 creatures vanquished.

Notes
Turn   | Place    | Note
-------+----------+-------------------------------------------
     0 | D:1      | FakerFangirl the Draconian Fighter began the quest for the Orb.
     0 | D:1      | Reached XP level 1. HP: 19/19 MP: 1/1
     0 | D:1      | 0 ||| counter = 4
    33 | D:1      | Reached XP level 2. HP: 26/26 MP: 2/2
   133 | D:1      | Reached skill level 3 in Maces & Flails
   467 | D:1      | Reached XP level 3. HP: 21/31 MP: 3/3
   910 | D:1      | 910 ||| UPGRADING to pair of boots.
   915 | D:1      | 915 ||| READING scroll labeled RAM VECWYWN.
   916 | D:1      | 916 ||| READING scroll labeled CIH IZONYRHU.
   917 | D:1      | 917 ||| READING 2 scrolls labeled SENLUDA MAUN.
   918 | D:1      | 918 ||| READING scroll labeled USTUBLIFIA.
   923 | D:1      | 923 ||| DRINKING 2 red potions.
   924 | D:1      | 924 ||| DROPPING potion of agility.
   997 | D:2      | Reached skill level 4 in Maces & Flails
  1040 | D:2      | Reached XP level 4. HP: 38/38 MP: 4/4
  1151 | D:2      | Found a sparkling altar of Nemelex Xobeh.
  1715 | D:2      | 1715 ||| READING 2 scrolls labeled APETHR IJY UVVI.
  1723 | D:3      | 1723 ||| STAIRDANCE
  1738 | D:3      | 1738 ||| STAIRDANCE
  1742 | D:3      | 1742 ||| STAIRDANCE
  1747 | D:3      | 1747 ||| STAIRDANCE
  1752 | D:3      | 1752 ||| STAIRDANCE
  1756 | D:3      | 1756 ||| STAIRDANCE
  1760 | D:3      | 1760 ||| STAIRDANCE
  1765 | D:3      | 1765 ||| STAIRDANCE
  1770 | D:3      | 1770 ||| STAIRDANCE
  1778 | D:3      | 1778 ||| STAIRDANCE
  1782 | D:3      | 1782 ||| STAIRDANCE
  1818 | D:3      | Reached skill level 5 in Maces & Flails
  2279 | D:3      | Reached XP level 5. HP: 45/45 MP: 5/5
  2732 | D:3      | 2732 ||| READING scroll labeled VICVUE FUXUAGG.
  2733 | D:3      | 2733 ||| READING scroll labeled PIUKOR GAPRUS.
  2734 | D:3      | 2734 ||| READING 2 scrolls labeled BEOLET EH SUGU.
  2735 | D:3      | 2735 ||| DRINKING 3 fizzy yellow potions.
  2736 | D:3      | 2736 ||| DRINKING 2 metallic inky potions.
  2737 | D:3      | 2737 ||| DRINKING 3 green potions.
  2738 | D:3      | 2738 ||| READING 2 scrolls of identify.
  2738 | D:3      | 2738 ||| IDENTIFYING inky potion
  2739 | D:3      | 2739 ||| DROPPING potion of invisibility.
  2740 | D:3      | 2740 ||| DROPPING potion of flight.
  2741 | D:3      | 2741 ||| DROPPING scroll of fear.
  2758 | D:4      | Noticed an ogre
  2770 | D:4      | Killed an ogre
  2770 | D:4      | Reached skill level 6 in Maces & Flails
  2770 | D:4      | Reached XP level 6. HP: 51/51 MP: 6/6
  2951 | D:4      | Found a staircase to the Ecumenical Temple.
  2968 | Temple   | Entered the Ecumenical Temple
  2969 | Temple   | 2969 ||| Entered T.
  3070 | Temple   | Became a worshipper of Cheibriados the Contemplative
  3257 | D:4      | HP: 13/52 [poisoned by a worker ant]
  3263 | D:4      | HP: 11/52 [poisoned by a worker ant]
  3269 | D:4      | HP: 10/52 [poisoned by a worker ant]
  3277 | D:4      | HP: 10/52 [poisoned by a worker ant]
  3442 | D:4      | 3442 ||| EATING royal jelly.
  3555 | D:4      | Reached skill level 7 in Maces & Flails
  3559 | D:4      | 3559 ||| DRINKING 3 potions of curing.
  3559 | D:4      | 3559 ||| (to cure confusion)
  3706 | D:4      | Your scales start taking on a golden yellow colour.
  3706 | D:4      | Reached XP level 7. HP: 25/59 MP: 7/7
  4120 | D:4      | 4120 ||| EATING fruit.
  4193 | D:4      | Noticed Arkhound's ghost (amateur DrBe)
  4218 | D:4      | HP: 13/59 [Arkhound's ghost (7)]
  4219 | D:4      | HP: 6/59 [Arkhound's ghost (7)]
  4223 | D:4      | Killed Arkhound's ghost
  4223 | D:4      | Reached skill level 8 in Maces & Flails
  4481 | D:4      | 4481 ||| EATING 2 bread rations.
  4616 | D:4      | Reached * piety under Cheibriados
  4622 | D:4      | 4622 ||| SWAPPING to morningstar.
  4623 | D:4      | 4623 ||| DROPPING +0 flail.
  4709 | D:4      | Reached XP level 8. HP: 67/67 MP: 8/8
  4879 | D:4      | 4879 ||| UPGRADING to runed cloak.
  4884 | D:4      | 4884 ||| UPGRADING to triangular soapstone amulet.
  4885 | D:4      | 4885 ||| DRINKING 2 ruby potions.
  4889 | D:4      | 4889 ||| DROPPING potion of ambrosia.
  4936 | D:5      | Entered Level 5 of the Dungeon
  4948 | D:5      | 4948 ||| STAIRDANCE
  5210 | D:5      | Reached skill level 9 in Maces & Flails
  5544 | D:5      | Noticed Sigmund
  5547 | D:5      | Reached skill level 3 in Dodging
  5551 | D:5      | Killed Sigmund
  5551 | D:5      | Reached skill level 6 in Fighting
  5752 | D:5      | Reached ** piety under Cheibriados
  5828 | D:5      | 5828 ||| READING scroll labeled XORODURGH EMORO.
  5829 | D:5      | 5829 ||| DRINKING 2 glowing inky potions.
  6319 | D:6      | 6319 ||| Stepping ~*~*~tactically~*~*~ (outnumbered).
  6412 | D:6      | Reached XP level 9. HP: 36/75 MP: 9/9
  6814 | D:6      | Reached skill level 10 in Maces & Flails
  6863 | D:6      | 6863 ||| UPGRADING to runed emerald ring.
  6864 | D:6      | 6864 ||| READING 3 scrolls of remove curse.
  6865 | D:6      | 6865 ||| REMOVING ring of loudness.
  6866 | D:6      | 6866 ||| DROPPING ring of loudness.
  6867 | D:6      | 6867 ||| READING 2 scrolls of identify.
  6867 | D:6      | 6867 ||| IDENTIFYING lumpy grey potion
  6868 | D:6      | 6868 ||| DROPPING potion of brilliance.
  6884 | D:7      | 6884 ||| STAIRDANCE
  7019 | D:7      | Reached *** piety under Cheibriados
  7040 | D:7      | 7040 ||| Stepping ~*~*~tactically~*~*~ (outnumbered).
  7057 | D:7      | Reached skill level 6 in Shields
  7648 | D:7      | Reached **** piety under Cheibriados
  7716 | D:7      | 7716 ||| READING scroll labeled XOUZXO ANAVE.
  7717 | D:7      | 7717 ||| READING scroll labeled FAXTEKK ZAPLIU.
  7746 | D:8      | 7746 ||| STAIRDANCE
  7756 | D:8      | 7756 ||| STAIRDANCE
  7910 | D:8      | Reached skill level 11 in Maces & Flails
  7941 | D:8      | 7941 ||| Stepping ~*~*~tactically~*~*~ (outnumbered).
  7944 | D:8      | Reached XP level 10. HP: 40/86 MP: 10/10
  7950 | D:8      | HP: 21/86 [killer bee (2)]
  7951 | D:8      | 7951 ||| READING 8 scrolls of teleportation.
  7952 | D:8      | 7952 ||| DRINKING potion of heal wounds.
  8324 | D:8      | Noticed Joseph
  8350 | D:8      | HP: 7/88 [something (20)]
  8351 | D:8      | 8351 ||| READING 7 scrolls of teleportation.
  8353 | D:8      | Reached skill level 6 in Dodging
  8355 | D:8      | Slain by Joseph

Vault maps used:
D:1:      doesnt_arrival_eight_statues, minmay_hexomino_p4
D:2:      first_bread, kennysheep_big_empty_room,
          nemelex_xobeh_ov_fountains_minmay
D:4:      minmay_temple_entry_statues_fountains, kennysheep_generic_room_14
D:5:      minmay_parallelograms, uniq_sigmund
D:7:      minmay_a_box_with_orc_wizards_in_it
D:8:      david_nohive_1, uniq_joseph
Temple:   kilobyte_greek_temple

Skill      XL: |  1  2  3  4  5  6  7  8  9 10 |
---------------+-------------------------------+-----
Maces & Flails | 3 4 5 6 7 8 9 11 | 11.0
Fighting       | 4 6 7 8 |  8.1
Shields        | 4 5 6 |  6.1
Dodging        | 3 5 6 |  6.0

Action                   |  1- 3 |  4- 6 |  7- 9 | 10-12 || total
-------------------------+-------+-------+-------+-------++-------
Melee: Flail             |    77 |   249 |    52 |       ||   378
       Tailslap          |     7 |    27 |    63 |    20 ||   117
       Morningstar       |       |       |   314 |    94 ||   408
  Use: Scroll            |     4 |     5 |     5 |     2 ||    16
       Potion            |     1 |     4 |     2 |     1 ||     8
 Stab: Sleeping          |       |     2 |     1 |       ||     3
       Invisible         |       |     4 |       |       ||     4
  Eat: Chunk             |     1 |     6 |     4 |     1 ||    12
       Royal jelly       |       |     1 |       |       ||     1
       Bread ration      |       |       |     1 |       ||     1
       Fruit             |       |       |     1 |       ||     1
Armor: Skin              |    14 |    72 |   104 |    58 ||   248
Dodge: Dodged            |    24 |    92 |   213 |   122 ||   451
Block: Shield            |    34 |   111 |   226 |   115 ||   486
